Map: Eternal Empire LE

Players

Probe - Winner!

  • Race: Protoss Protoss
  • Spawn Location: 1:00

RiSky

  • Race: Zerg Zerg
  • Spawn Location: 7:00

Event: DreamHack SC2 Masters 2020 Summer Oceania RoA

VOD

Have the link to the VOD?

Description

Time

  • Played on: June 28, 2020, 5:58 a.m.
  • Length: 7:16

All games in this series

Show
View Real Time Build Order
Export as new Build Order

Probe Protoss - Winner!

Build Orders:  

Get SALT Encoding   

  12  0:00  Probe  
  13  0:13  Probe  
  14  0:17  Pylon  
  14  0:24  Probe  
  15  0:32  Probe  
  15  0:39  Gateway  
  15  0:40  Probe  
  16  0:48  Assimilator  
  17  0:51  Probe  
  18  1:01  Forge  
  18  1:03  Probe  
  19  1:15  Probe  
  19  1:16  Pylon  
  20  1:26  Cybernetics Core  
  20  1:29  Probe  
  21  1:38  Photon Cannon  
  21  1:45  Pylon  
  21  1:54  Assimilator  
  21  2:06  Robotics Facility  
  21  2:08  Photon Cannon  
  21  2:15  Shield Battery  
  21  2:22  Pylon  
  21  2:42  Photon Cannon  
  21  2:45  Shield Battery  
  21  2:46  Observer  
  21  2:50  Photon Cannon  
  22  2:59  Photon Cannon  
  22  3:06  Shield Battery  
  22  3:11  Immortal  
  26  3:37  Shield Battery  
  26  3:42  Immortal  
  26  3:55  Shield Battery  
  30  4:08  Photon Cannon  
  30  4:12  Warp Prism  
  32  4:35  Shield Battery  
  32  4:40  Shield Battery  
  32  4:42  Shield Battery  
  31  4:57  Immortal  
  35  5:21  Shield Battery  
  35  5:30  Immortal  
  35  5:39  Pylon  
  39  5:58  Shield Battery  
  39  6:03  Immortal  
  43  6:22  Shield Battery  
  43  6:23  Shield Battery  
  47  6:55  Shield Battery  
Show
View Real Time Build Order
Export as new Build Order

RiSky Zerg 

Build Orders: Hatch First 

Get SALT Encoding   

  12  0:01  Drone  
  13  0:12  Overlord  
  13  0:17  Drone  
  14  0:30  Drone x2  
  16  0:47  Hatchery  
  15  0:51  Drone  
  15  0:54  Drone  
  17  0:57  Drone  
  18  1:09  Extractor  
  17  1:13  Spawning Pool  
  17  1:16  Drone  
  17  1:19  Drone  
  18  1:27  Drone  
  19  1:38  Drone  
  20  2:00  Queen x2  
  20  2:01  Drone x3  
  27  2:09  Spine Crawler  
  26  2:21  Hatchery  
  25  2:27  Metabolic Boost  
  25  2:32  Overlord  
  25  2:35  Drone  
  26  2:41  Zergling x4  
  28  2:49  Queen  
  30  2:54  Zergling x4  
  30  2:55  Zergling x2  
  33  2:59  Overlord  
  33  3:02  Zergling x2  
  33  3:05  Zergling x2  
  34  3:17  Queen  
  34  3:19  Drone x2  
  38  3:20  Drone x2  
  38  3:23  Drone  
  38  3:25  Drone  
  42  3:28  Drone  
  42  3:32  Overlord  
  43  3:39  Queen  
  45  3:45  Queen  
  45  3:46  Drone  
  48  3:49  Drone  
  48  3:51  Zergling x2  
  48  3:54  Zergling x4  
  52  3:57  Zergling x2  
  52  4:02  Zergling x4  
  55  4:05  Queen  
  57  4:10  Overlord  
  57  4:28  Queen x2  
  57  4:29  Drone x2  
  57  4:30  Drone x2  
  65  4:33  Drone  
  65  4:37  Overlord  
  65  4:45  Overlord  
  65  4:50  Overlord  
  65  4:55  Queen  
  65  4:58  Zergling x14  
  73  5:06  Zergling x10  
  76  5:09  Queen x2  
  76  5:11  Zergling x2  
  79  5:17  Zergling x2  
  79  5:20  Zergling x4  
  80  5:28  Zergling x2  
  80  5:29  Zergling x2  
  80  5:30  Queen  
  80  5:34  Zergling x2  
  83  5:38  Zergling x2  
  83  5:42  Zergling x10  
  88  5:44  Queen  
  88  5:48  Zergling x8  
  88  5:49  Queen  
  88  5:52  Zergling x2  
  77  5:59  Zergling x2  
  77  6:01  Zergling x2  
  74  6:06  Zergling x2, Queen  
  74  6:07  Zergling x6  
  74  6:11  Zergling x2  
  78  6:17  Zergling x4  
  76  6:20  Queen  
  76  6:23  Zergling x4  
  76  6:24  Zergling x2  
  76  6:25  Queen  
  79  6:32  Zergling x2  
  67  6:36  Zergling x4  
  66  6:40  Zergling x6  
  66  6:44  Zergling x4  
  66  6:45  Zergling x2  
  71  6:49  Zergling x6  
  68  6:55  Zergling x2  
Tags
 
Add a new tag
Caveats
  • Supply blocks, unpowered buildings, or Contaminate may cause inaccurate times.
  • Supply counts are checked every 10 seconds.